Match 43290809
Unlisted

Match 43290809
End
Kradschützen Motorcycle Team
Panzerpioneer Squad
Selects Panzerjäger Kommand Battlegroup
Panzerpioneer Squad
Selects Blockade Equipment
Panzerpioneer Squad
Construct Light Support Kompanie
2.5-tonne Medical Truck
Panzerjäger Squad
Selects Tank Busters
Construct Mechanized Kompanie
Veteran Squad Leaders
Panzerjäger Mechanized Group
Porygon
RunningFatKids
MrMisrulent
anethma
0
0

Comments sign in to comment!

No comments posted yet!